 Dungeon Crawl Stone Soup version 0.27.1-1-g398f81649c (webtiles) character file.

Game seed: 15928704648889303096

182 TheGamechu the Cudgeller (level 5, -3/47 HPs)
             Began as a Minotaur Berserker on Sept 16, 2021.
             Was a Believer of Trog.
             Slain by an ogre (11 damage)
             ... on level 4 of the Dungeon.
             The game lasted 00:11:34 (2660 turns).

TheGamechu the Cudgeller (Minotaur Berserker)       Turns: 2660, Time: 00:11:35

Health: -3/47      AC:  6    Str: 23    XL:     5   Next: 34%
Magic:  4/4        EV: 10    Int:  4    God:    Trog [**....]
Gold:   127        SH:  3    Dex:  9    Spells: 4/4 levels left

rFire    . . .     SeeInvis .   i - +0 flail
rCold    . . .     Faith    .   h - +0 buckler
rNeg     . . .     Spirit   .   e - +1 ring mail {rPois}
rPois    +         Reflect  .   (helmet restricted)
rElec    .         Harm     .   (no cloak)
rCorr    +         Rampage  .   (no gloves)
Will     .....                  (no boots)
Stlth    ..........             (no amulet)
HPRegen  0.15/turn              l - ring of resist corrosion
MPRegen  0.09/turn              (no ring)

@: on berserk cooldown, slowed, very slow
A: horns 2, retaliatory headbutt
a: Renounce Religion, Berserk, Trog's Hand


You were on level 4 of the Dungeon.
You worshipped Trog.
Trog was pleased with you.
You visited 1 branch of the dungeon, and saw 4 of its levels.

You collected 127 gold pieces.

Inventory:

Hand Weapons
 i - a +0 flail (weapon)
Missiles
 d - 69 stones
 m - 7 boomerangs (quivered)
Armour
 e - a +1 ring mail of poison resistance (worn)
 h - a +0 buckler (worn)
Jewellery
 l - a ring of resist corrosion (left hand)
Scrolls
 a - 2 scrolls of noise
 b - 2 scrolls of amnesia {unknown}
 g - 2 scrolls of identify
 n - a scroll of acquirement {unknown}
Potions
 c - a potion of curing {unknown}
 f - 2 potions of lignification {unknown}
 j - a potion of haste {unknown}
 k - a potion of berserk rage {unknown}


   Skills:
 + Level 4.7 Fighting
 + Level 5.2 Maces & Flails
 + Level 1.5 Throwing
 - Level 3.3 Armour
 - Level 2.2 Dodging
 * Level 2.0 Shields


You had 4 spell levels left.
You didn't know any spells.
Your spell library was empty.

Dungeon Overview and Level Annotations

Branches:
Dungeon (4/15)
 Temple: D:4-7

Altars:
Dithmenos
Yredelemnul
Zin

Shops:
D:1 (*[


Innate Abilities, Weirdness & Mutations

You have a pair of horns on your head.
You reflexively headbutt those who attack you in melee.


Message History

Your shield and ring mail prevent you from hitting the ogre.
Your headbutt misses the ogre.
The ogre is moderately wounded.
The ogre closely misses you. You furiously retaliate!
You headbutt the ogre, but do no damage.
Okay, then.
Your skin crawls.
You feel strong-willed.
The ogre hits you with a +0 giant club!!
You fail to use your ability.
Okay, then.
A red film seems to cover your vision as you go berserk!
You feel yourself moving faster!
You feel mighty! The scorpion stings you. The ogre closely misses you.
The scorpion stings you.
You sock the ogre!
The ogre is severely wounded.
The ogre hits you with a +0 giant club! The scorpion stings you!
You hit the ogre.
The ogre is almost dead.
The scorpion stings you but does no damage.
The ogre hits you with a +0 giant club!!
* * * LOW HITPOINT WARNING * * *
You feel a strong urge to attack something.
You feel the effects of Trog's Hand fading.
You are too berserk!
You feel your anger nearly subside.
You are no longer berserk.
You are exhausted.
You feel yourself slow down.
As you read the scroll labelled PEVVANIXIC, it crumbles to dust.
It is a scroll of identify.
a - 2 scrolls of noise The scorpion misses you.
The scorpion barely misses you. You furiously retaliate!
You headbutt the scorpion! The ogre barely misses you.
The scorpion barely misses you.
An iguana comes into view.
Your skin stops crawling.
You feel less strong-willed.
The iguana hisses angrily.
You block the scorpion's attack. The ogre hits you with a +0 giant club!
You die...

# #.........#. #.
...#..#........
#..#..#...........
##..#..#.........# #
.........?.....l#.#
.##.#.#...............
.....................#
.#.###).....s........
#.#.###......O@.....#
#......<.....########
(...###.##.### .#
......# ......###
##!##.# .. #.# ... <#
... ##


You could see an ogre, a scorpion and an iguana.

Vanquished Creatures
  Jessica (D:2)
  Terence (D:2)
  4 gnolls
  3 adders
  A worm (D:2)
  3 dart slugs
  6 ball pythons
  3 endoplasms
  9 goblins
  5 hobgoblins
  4 quokkas (D:1)
  7 bats
  2 frilled lizards (D:1)
  8 kobolds
  6 rats
63 creatures vanquished.

Vanquished Creatures (others)
  6 plants (D:1)
6 creatures vanquished.

Grand Total: 69 creatures vanquished

Notes
Turn   | Place    | Note
-------+----------+-------------------------------------------
     0 | D:1      | TheGamechu the Minotaur Berserker began the quest for the
                  | Orb.
     0 | D:1      | Reached XP level 1. HP: 19/19 MP: 0/0
   567 | D:1      | Reached skill level 4 in Maces & Flails
   567 | D:1      | Reached XP level 2. HP: 8/27 MP: 1/1
   988 | D:1      | Found Supihul's Antique Armour Shop.
   995 | D:1      | Reached XP level 3. HP: 33/33 MP: 2/2
  1101 | D:1      | Found Mauciun's Assorted Antiques.
  1325 | D:1      | Found Iniafeag's Weapon Shop.
  1489 | D:2      | Noticed Jessica
  1527 | D:2      | Killed Jessica
  1528 | D:2      | Reached XP level 4. HP: 41/41 MP: 3/3
  1541 | D:2      | Reached ** piety under Trog
  1710 | D:2      | Noticed Terence
  1716 | D:2      | Killed Terence
  1717 | D:2      | Reached skill level 5 in Maces & Flails
  1717 | D:2      | Reached skill level 1 in Throwing
  2233 | D:3      | Found a basalt altar of Yredelemnul.
  2244 | D:3      | Reached skill level 1 in Shields
  2244 | D:3      | Found a glowing silver altar of Zin.
  2244 | D:3      | Found a shadowy altar of Dithmenos.
  2401 | D:3      | Reached XP level 5. HP: 43/47 MP: 4/4
  2642 | D:4      | Noticed an ogre
  2652 | D:4      | HP: 3/70 [ogre (23)]
  2660 | D:4      | Slain by an ogre

Illustrated notes

Levels and vault maps discovered:
D:1:      roderic_crop_circles_arrival_small, layout_basic, serial_shops,
          nicolae_shop_statue_plus, shop, nicolae_shop_crystal,
          minmay_tiny_reverse_x
D:2:      layout_loops_ring, uniq_terence, uniq_jessica
D:3:      layout_basic, gammafunk_temple_overflow_forgotten
D:4:      layout_basic, nicolae_shop_self_help

Skill      XL: |  1  2  3  4  5 |
---------------+----------------+-----
Fighting       | 4 |  4.7
Maces & Flails | 4 5 |  5.2
Armour         | 3 |  3.3
Throwing       | 1 |  1.5
Shields        | 1 2 |  2.0
Dodging        | |  2.2

Action                   |  1- 3 |  4- 6 || total
-------------------------+-------+-------++-------
Melee: Mace              |    72 |    10 ||    82
       Headbutt          |    11 |     7 ||    18
       Flail             |       |    45 ||    45
Throw: Stone             |     2 |    24 ||    26
       Boomerang         |       |    16 ||    16
Invok: Berserk           |     1 |     2 ||     3
       Trog's Hand       |       |     1 ||     1
  Use: Scroll            |       |     1 ||     1
Armor: Animal skin       |     7 |       ||     7
       Ring mail         |    14 |    15 ||    29
Dodge: Dodged            |    37 |    27 ||    64
Block: Buckler           |       |     9 ||     9
